 Dungeon Crawl Stone Soup version 0.31-a0-1074-g0b22e4e0f1 (webtiles) character file.

Game seed: 11202973206012922596

1342 tbh1313 the Slasher (level 8, -13/45 (64) HPs)
             Began as a Gnoll Reaver on Dec 8, 2023.
             Was a Follower of Sif Muna.
             Killed by divine providence
             ... invoked by an orc priest
              (14 damage)
             ... on level 7 of the Dungeon.
             The game lasted 00:20:29 (7082 turns).

tbh1313 the Slasher (Gnoll Reaver)                  Turns: 7082, Time: 00:20:29

HP:   -13/45 (64)   AC:  6    Str: 13    XL:     8   Next: 62%
MP:   6/17          EV: 13    Int: 14    God:    Sif Muna [*.....]
Gold: 144           SH:  9    Dex: 16    Spells: 15/19 levels left

rFire   . . .        a - +0 dagger (elec)
rCold   . . .        c - +0 kite shield
rNeg    . . .        l - +0 robe
rPois   .            k - +1 helmet
rElec   .            m - +0 cloak
rCorr   .            g - +0 pair of gloves
SInv    .            (no boots)
Will    .....        (no amulet)
Stlth   ++           h - +6 ring of dexterity
HPRegen 0.27/turn    (no ring)
MPRegen 0.15/turn

%: no passive effects
@: very slightly contaminated, very heavily drained
A: fangs 1, strong nose, distributed training
a: Renounce Religion, Channel Magic


You were on level 7 of the Dungeon.
You worshipped Sif Muna.
Sif Muna was aware of your devotion.
You visited 2 branches of the dungeon, and saw 8 of its levels.

You collected 234 gold pieces.
You spent 90 gold pieces at shops.

Inventory:

Hand Weapons
 a - a +0 dagger of electrocution (weapon)
 b - a +0 sling of electrocution
 e - a +1 falchion
 j - a +0 rapier
 u - a +2 heavy dagger
Missiles
 n - a throwing net
Armour
 c - a +0 kite shield (worn)
 g - a +0 pair of gloves (worn)
 k - a +1 helmet (worn)
 l - a +0 robe (worn)
 m - a +0 cloak (worn)
Jewellery
 h - a +6 ring of dexterity (left hand)
 i - an amulet of faith
Wands
 q - a wand of charming (6)
 v - a wand of polymorph (5)
 w - a wand of roots (7)
Scrolls
 o - a scroll of amnesia
Potions
 d - a potion of brilliance
 f - 3 potions of enlightenment
 p - 2 potions of mutation
 r - a potion of curing
 s - a potion of attraction
 t - a potion of magic


   Skills:
 + Level 5.8 Fighting
 + Level 3.5 Short Blades
 + Level 7.5 Long Blades
 + Level 3.5 Axes
 + Level 3.5 Maces & Flails
 + Level 3.5 Polearms
 + Level 3.5 Staves
 + Level 3.5 Ranged Weapons
 + Level 3.5 Throwing
 + Level 3.5 Armour
 + Level 5.8 Dodging
 + Level 3.5 Stealth
 + Level 3.5 Shields
 + Level 3.5 Unarmed Combat
 + Level 6.1 Spellcasting
 + Level 6.2 Conjurations
 + Level 2.8 Hexes
 + Level 2.8 Summonings
 + Level 2.8 Necromancy
 + Level 2.8 Translocations
 + Level 2.8 Transmutations
 + Level 2.8 Fire Magic
 + Level 2.8 Ice Magic
 + Level 2.8 Air Magic
 + Level 2.8 Earth Magic
 + Level 2.8 Poison Magic
 + Level 3.8 Invocations
 + Level 3.5 Evocations
 + Level 3.1 Shapeshifting


You had 15 spell levels left.
You knew the following spells:

 Your Spells              Type           Power      Damage    Failure   Level
a - Kiss of Death         Conj/Necr      68%        2d10      9%          1
b - Magic Dart            Conj           84%        1d7       4%          1
c - Searing Ray           Conj           42%        2d6       6%          2

Your spell library contained the following spells:

 Spells                   Type           Power      Damage    Failure   Level
 Momentum Strike          Conj/Tloc      34%        3d8       12%         2
 Cigotuvi's Dreadful Rot  Necr/Pois/Air  24%        N/A       24%         2
 Hailstorm                Conj/Ice       17%        3d6       24%         3
 Fulminant Prism          Conj/Hex       8%         3d7       63%         4
 Dispel Undead            Necr           12%        3d9       85%         4
 Death Channel            Necr           6%         N/A       100%        6


Dungeon Overview and Level Annotations

Branches:
Dungeon (7/15)             Temple (1/1) D:5

Altars:
Cheibriados
Elyvilon
Fedhas
Gozag
Hepliaklqana
Kikubaaqudgha
Makhleb
Nemelex Xobeh
Okawaru
Ru
Sif Muna
Vehumet
Wu Jian
Yredelemnul
Zin
The Shining One

Shops:
D:2 (   D:5 [


Innate Abilities, Weirdness & Mutations

You have very sharp teeth.
Your uncanny sense of smell can sniff out nearby items.
Your experience applies equally to all skills.


Message History

Press: ? - help, Shift-Dir - straight line, f - orc priest, p - scorpion
Aim: an orc priest, wielding a +0 club and wearing a +0 scale mail (severely wounded, 100% to hit)
You miscast Magic Dart.
You are very lightly contaminated with residual magic.
Nothing appears to happen.
The scorpion stings you.
* * * LOW HITPOINT WARNING * * *
The orc priest hits you but does no damage.
Casting: Magic Dart (safe; 4% risk of failure)
Confirm with . or Enter, or press ? or * to list all spells.
Aiming: Magic Dart (safe; 4% risk of failure)
Press: ? - help, Shift-Dir - straight line, f/p - orc priest
Aim: an orc priest, wielding a +0 club and wearing a +0 scale mail (severely wounded, 100% to hit)
The magic dart hits the orc priest.
The orc priest is almost dead.
You block the scorpion's attack.
The orc priest calls down the wrath of Beogh upon you.
Beogh smites you!
* * * LOW HITPOINT WARNING * * *
Casting: Magic Dart (safe; 4% risk of failure)
Confirm with . or Enter, or press ? or * to list all spells.
Aiming: Magic Dart (safe; 4% risk of failure)
Press: ? - help, Shift-Dir - straight line, f/p - orc priest
Aim: an orc priest, wielding a +0 club and wearing a +0 scale mail (almost dead, 100% to hit)
The magic dart hits the orc priest but does no damage.
The orc priest is almost dead.
The scorpion stings you but does no damage.
The orc priest hits you with a +0 club.
* * * LOW HITPOINT WARNING * * *
The scorpion barely misses you.
Casting: Magic Dart (safe; 4% risk of failure)
Confirm with . or Enter, or press ? or * to list all spells.
Aiming: Magic Dart (safe; 4% risk of failure)
Press: ? - help, Shift-Dir - straight line, f/p - orc priest
Aim: an orc priest, wielding a +0 club and wearing a +0 scale mail (almost dead, 100% to hit)
The magic dart hits the orc priest but does no damage.
The orc priest is almost dead.
The scorpion closely misses you.
The orc priest mumbles some strange prayers to Beogh against you.
Beogh smites you!
You die...

..... #.. ∆ ...(..
##..# ∆
......#####..# ∆ ∆
......#...##
...........
........## ........#
#o......# #@s.....#
#.....#.# ##.....##
..####.......#
...).....).....#.
.....###............
.... #...........
....# ##..........
#...##..####....


You could see a scorpion and an orc priest.

Levels and vault maps discovered:
D:1:      minmay_arrival_cross, layout_loops_ring,
          shapermc_ecumenical_altar_hornbeckon, minmay_misc_feat_x
D:2:      layout_rooms, serial_shops, nicolae_shop_hallway_plus, basic_altar
D:3:      layout_basic, palyth_temple_overflow_mages
D:4:      layout_basic, zin_purify
D:5:      layout_cave_pods, minmay_temple_entry_mini_moons, serial_shops,
          nicolae_shop_peninsula, st_stairs_13,
          hangedman_abyss_or_decor_lesser_grid, uniq_edmund
D:6:      layout_basic, nicolae_ru_awakened_eye, serial_aquarium,
          aquarium_bridge_long_separate [aquarium_subvault_bridge,
          aquarium_subvault_wall, aquarium_subvault_bridge,
          aquarium_subvault_bridge, aquarium_subvault_bridge,
          aquarium_subvault_window], aquarium_window_1, aquarium_window_1,
          aquarium_window_2, aquarium_view_2b, aquarium_view_2e,
          aquarium_balcony_1a, aquarium_pool_corner
D:7:      minmay_opposing_rooms, layout_cave_pools, lemuel_round_altar
Temple:   grunt_temple_mini_profane

Notes
Turn   | Place    | Note
-------+----------+-------------------------------------------
     0 | D:1      | tbh1313 the Gnoll Reaver began the quest for the Orb.
     0 | D:1      | Reached XP level 1. HP: 20/20 MP: 6/6
   269 | D:1      | Reached XP level 2. HP: 23/26 MP: 7/7
   582 | D:1      | Found a faded altar of an unknown god.
   629 | D:1      | Reached skill level 5 in Spellcasting
   629 | D:1      | Reached XP level 3. HP: 30/31 MP: 7/9
   871 | D:1      | Reached skill level 1 in Invocations
   934 | D:2      | Reached skill level 1 in Short Blades
   934 | D:2      | Reached skill level 1 in Axes
   934 | D:2      | Reached skill level 1 in Maces & Flails
   934 | D:2      | Reached skill level 1 in Polearms
   934 | D:2      | Reached skill level 1 in Staves
   934 | D:2      | Reached skill level 1 in Ranged Weapons
   934 | D:2      | Reached skill level 1 in Throwing
   934 | D:2      | Reached skill level 1 in Armour
   934 | D:2      | Reached skill level 1 in Stealth
   934 | D:2      | Reached skill level 1 in Shields
   934 | D:2      | Reached skill level 1 in Unarmed Combat
   934 | D:2      | Reached skill level 1 in Evocations
   992 | D:2      | Reached XP level 4. HP: 38/38 MP: 11/11
  1024 | D:2      | Reached skill level 1 in Shapeshifting
  1046 | D:2      | Found a sacrificial altar of Ru.
  1119 | D:2      | Found Josutuh's Weapon Shoppe.
  1484 | D:3      | Reached skill level 1 in Hexes
  1484 | D:3      | Reached skill level 1 in Summonings
  1484 | D:3      | Reached skill level 1 in Necromancy
  1484 | D:3      | Reached skill level 1 in Translocations
  1484 | D:3      | Reached skill level 1 in Transmutations
  1484 | D:3      | Reached skill level 1 in Fire Magic
  1484 | D:3      | Reached skill level 1 in Ice Magic
  1484 | D:3      | Reached skill level 1 in Air Magic
  1484 | D:3      | Reached skill level 1 in Earth Magic
  1484 | D:3      | Reached skill level 1 in Poison Magic
  1580 | D:3      | Learned a level 1 spell: Magic Dart
  2051 | D:3      | Found an ancient bone altar of Kikubaaqudgha.
  2072 | D:3      | HP: 1/38 [something/magic dart (4)]
  2074 | D:3      | Reached XP level 5. HP: 1/43 MP: 10/12
  2233 | D:3      | Found a shimmering blue altar of Sif Muna.
  2287 | D:3      | Found a radiant altar of Vehumet.
  2408 | D:4      | Found Zin's Purification Station.
  2411 | D:4      | Found a glowing silver altar of Zin.
  2414 | D:4      | Bought a potion of curing for 90 gold pieces
  2679 | D:4      | Reached XP level 6. HP: 25/50 MP: 14/14
  2865 | D:4      | Learned a level 2 spell: Searing Ray
  3101 | D:5      | Entered Level 5 of the Dungeon
  3166 | D:5      | Found a staircase to the Ecumenical Temple.
  3185 | D:5      | Reached skill level 5 in Fighting
  3185 | D:5      | Reached skill level 5 in Dodging
  3307 | D:5      | Noticed an ice beast
  3320 | D:5      | Killed an ice beast
  3682 | D:5      | Noticed a black bear
  3688 | D:5      | Killed a black bear
  3689 | D:5      | Reached skill level 7 in Long Blades
  3689 | D:5      | Reached XP level 7. HP: 56/56 MP: 7/15
  3749 | D:5      | Noticed Edmund
  3767 | D:5      | Killed Edmund
  4195 | D:5      | Found Wygo's Armour Shoppe.
  4483 | Temple   | Entered the Ecumenical Temple
  4541 | D:3      | Became a worshipper of Sif Muna the Loreminder
  4866 | D:6      | HP: 3/56 [orc warrior/+0 glaive (9)]
  5224 | D:6      | Reached XP level 8. HP: 53/63 MP: 16/16
  5853 | D:6      | Found a sacrificial altar of Ru.
  5883 | D:6      | Reached * piety under Sif Muna
  7080 | D:7      | HP: 2/45 [orc priest/divine providence (11)]
  7082 | D:7      | Killed from afar by an orc priest

Table legend: (Time is in decaauts)
 A = Elapsed time spent in this place.
 B = Non-inter-level travel time spent in this place.
 C = Inter-level travel time spent in this place.
 D = Time resting spent in this place.
 E = Time spent auto-exploring this place.
 F = Levels seen in this place.
 G = Mean time per level.
                   A        B        C        D        E       F      G
               +--------+--------+--------+--------+--------+-----+--------+
         Total |   7093 |   6644 |    449 |   1887 |   3673 |   8 |  886.6 |
       Dungeon |   7091 |   6644 |    447 |   1887 |   3673 |   7 | 1013.0 |
        Temple |      1 |      0 |      1 |      0 |      0 |   1 |    1.0 |
               +--------+--------+--------+--------+--------+-----+--------+

Top non-repeatable levels by time:
     D:5: 2086 daAuts
     D:6: 1598 daAuts
     D:3: 1049 daAuts
     D:1: 913 daAuts
     D:4: 718 daAuts
     D:2: 495 daAuts
     D:7: 229 daAuts
  Temple: 1 daAuts

Table legend:
 A = Kills in this place as a percentage of kills in the entire game.
 B = Kills by you in this place as a percentage of kills by you in the entire game.
 C = Kills by friends in this place as a percentage of kills by friends in the entire game.
 D = Other kills in this place as a percentage of other kills in the entire game.
 E = Experience gained in this place as a percentage of experience gained in the entire game.
 F = Experience gained in this place divided by the number of levels of this place that you have seen.
                   A       B       C       D       E      F
               +-------+-------+-------+-------+-------+----------------------
         Total | 100.0 | 100.0 |   N/A |   N/A | 100.0 | 239.8
       Dungeon | 100.0 | 100.0 |   N/A |   N/A | 100.0 | 274.0
               +-------+-------+-------+-------+-------+----------------------

Action                     |  1- 3 |  4- 6 |  7- 9 || total
---------------------------+-------+-------+-------++-------
  Melee: Falchion          |   117 |    50 |       ||   167
         Bite              |     7 |    16 |     6 ||    29
         Dagger            |       |    54 |    66 ||   120
         Punch             |       |     1 |       ||     1
   Fire: Sling             |       |    23 |       ||    23
   Cast: Magic Dart        |       |    20 |   112 ||   132
         Searing Ray       |       |     4 |    17 ||    21
         Kiss of Death     |       |       |     4 ||     4
    Use: Scroll            |     3 |    10 |     5 ||    18
         Potion            |       |     3 |     6 ||     9
   Stab: Sleeping          |       |     1 |       ||     1
 Armour: Leather armour    |    28 |       |       ||    28
         Chain mail        |    66 |     8 |       ||    74
         Robe              |       |    50 |   107 ||   157
  Dodge: Dodged            |    41 |    51 |    76 ||   168
  Block: Kite shield       |    65 |    20 |    46 ||   131

Vanquished Creatures
  Edmund (D:5)
  3 orc warriors (D:6)
  An ice beast (D:5)
  2 black bears (D:5)
  An ogre (D:5)
  A kobold brigand (D:6)
  A scorpion (D:4)
  A hound (D:5)
  An orc priest (D:5)
  An iguana (D:4)
  A sleepcap (D:5)
  6 orc wizards
  4 gnolls (D:6)
  5 adders
  2 white imps
  2 worms (D:5)
  4 dart slugs
  22 orcs
  4 bats
  6 endoplasms
  2 giant cockroaches (D:2)
  4 hobgoblins
  5 jackals (D:1)
  5 quokkas
  5 ball pythons
  4 frilled lizards
  6 goblins
  12 kobolds
  4 rats
116 creatures vanquished.
